 Dungeon Crawl Stone Soup version 0.24.0-13-gcf9b3192b9 (webtiles) character file.

Game seed: 17867739271436450987, levelgen mode: deterministic

84 inmateoo the Poker (level 4, -1/35 HPs)
             Began as a Formicid Warper on Nov 8, 2019.
             Slain by a hobgoblin
             ... wielding a +0 whip
              (5 damage)
             ... on level 3 of the Dungeon.
             The game lasted 00:02:36 (3083 turns).

inmateoo the Poker (Formicid Warper)                Turns: 3083, Time: 00:02:37

Health: -1/35      AC:  7    Str: 16    XL:     4   Next: 74%
Magic:  7/7        EV: 10    Int: 13    God:
Gold:   43         SH:  0    Dex: 10    Spells: 5/7 levels left

rFire    . . .     SeeInvis +   a - +0 spear
rCold    . . .     Gourm    .   (no shield)
rNeg     . . .     Faith    .   k - +0 scale mail
rPois    .         Spirit   .   (helmet unavailable)
rElec    .         Reflect  .   (no cloak)
rCorr    .         Harm     .   (no gloves)
MR       .....                  (no boots)
Stlth    ..........             (no amulet)
HPRegen  0.11/turn              g - ring of stealth
MPRegen  0.10/turn              h - +1 ring of protection

@: confused
A: permanent stasis, dig shafts and tunnels, four strong arms, antennae 3
a: Dig, Shaft Self


You were on level 3 of the Dungeon.
You were not hungry.

You visited 1 branch of the dungeon, and saw 3 of its levels.

You collected 43 gold pieces.

Inventory:

Hand Weapons
 a - a +0 spear (weapon)
Missiles
 e - 5 boomerangs of dispersal (quivered)
Armour
 k - a +0 scale mail (worn)
Jewellery
 g - a ring of stealth (left hand)
 h - a +1 ring of protection (right hand)
Potions
 b - a potion of flight {unknown}
 i - a potion of lignification {unknown}
 j - a potion of magic {unknown}
Comestibles
 f - 6 rations


   Skills:
 + Level 3.1 Fighting
 * Level 3.5 Polearms
 - Level 1.0 Throwing
 + Level 2.3 Armour
 - Level 1.7 Dodging
 - Level 2.1 Spellcasting
 - Level 2.6 Translocations


You had 5 spell levels left.
You knew the following spells:

 Your Spells              Type           Power        Failure   Level  Hunger
a - Shroud of Golubria    Chrm/Tloc      #.....       61%         2    ###....

Your spell library contained the following spells:

 Spells                   Type           Power        Failure   Level  Hunger
 Gell's Gravitas          Tloc           #.........   65%         3    ####...
 Lesser Beckoning         Tloc           #.........   65%         3    ####...
 Teleport Other           Tloc           #.......     65%         3    ####...
 Passage of Golubria      Tloc           N/A          96%         4    #####..
 Blink                    Tloc           Unusable     N/A         2    N/A

Dungeon Overview and Level Annotations

Branches:
Dungeon (3/15)

Altars:


Innate Abilities, Weirdness & Mutations

You cannot be hasted, slowed, berserked, paralysed or teleported.
You can dig through walls and to a lower floor.
Your four strong arms can wield two-handed weapons with a shield.
You have a pair of large antennae on your head. (SInv)


Message History

Unknown command.
Okay, then.
You bump into the rock wall.
Unknown command.
You bump into the rock wall.
The hobgoblin hits you with a +0 whip.
* * * LOW HITPOINT WARNING * * *
Unknown command.
You bump into the rock wall.
The hobgoblin hits you but does no damage.
Unknown command.
You bump into the rock wall.
The hobgoblin barely misses you.
Unknown command.
You bump into the rock wall.
The hobgoblin closely misses you.
Unknown command.
You hit the hobgoblin but do no damage. The hobgoblin barely misses you.
You hit the hobgoblin but do no damage. The hobgoblin barely misses you.
You're too confused to move!
The hobgoblin hits you but does no damage.
You miss the hobgoblin. The hobgoblin hits you with a +0 whip.
You die...

#.#######.#.##.≈≈≈##≈≈#
##
#.######.#.##.#.....≈..
.#
#...............≈..≈##
.# #.###########.##≈≈#.
###.# #.#≈≈##.##...##
#..≈.#....≈...##
#...#.#.#≈≈≈...###
#.####....<.b....(
#@g.)..#.......###
######....#...##
..........##
####..###l# { #.. .#
#.. .. ... .##


You could see a hobgoblin.

Vanquished Creatures
  4 adders
  A worm (D:2)
  4 leopard geckos
  3 giant cockroaches
  5 goblins
  3 hobgoblins
  7 jackals
  4 kobolds
  A bat (D:1)
  2 frilled lizards
  5 rats
39 creatures vanquished.

Notes
Turn   | Place    | Note
-------+----------+-------------------------------------------
     0 | D:1      | inmateoo the Formicid Warper began the quest for the Orb.
     0 | D:1      | Reached XP level 1. HP: 16/16 MP: 3/3
   770 | D:1      | Reached XP level 2. HP: 15/23 MP: 5/5
  1674 | D:2      | Reached XP level 3. HP: 16/28 MP: 6/6
  2391 | D:2      | Learned a level 2 spell: Shroud of Golubria
  2597 | D:2      | Reached XP level 4. HP: 31/34 MP: 7/7
  3083 | D:3      | Slain by a hobgoblin

Levels and vault maps discovered:
D:1:      lemuel_arrival_tunnels, layout_loops_corners,
          hangedman_decor_peaks_small, chequers_serial_rivers_micro_a
D:2:      layout_loops_ring
D:3:      layout_loops_ring, serial_rivers, chequers_serial_rivers_small_b,
          chequers_serial_rivers_micro_a, chequers_serial_rivers_micro_d,
          chequers_serial_rivers_micro_d, first_ration, uniq_natasha,
          uniq_grinder, uniq_ijyb

Skill      XL: |  1  2  3  4 |
---------------+-------------+-----
Polearms       | 3 |  3.5
Armour         | 2 |  2.3
Fighting       | 3 |  3.1
Throwing       | |  1.0
Dodging        | |  1.7
Spellcasting   | |  2.1
Translocations | |  2.6

Action                   |  1- 3 |  4- 6 || total
-------------------------+-------+-------++-------
Melee: Spear             |   154 |    78 ||   232
 Abil: Dig               |     1 |       ||     1
  Use: Scroll            |       |     3 ||     3
       Potion            |       |     2 ||     2
 Stab: Sleeping          |     1 |       ||     1
  Eat: Chunk             |     5 |     2 ||     7
Armor: Leather armour    |    27 |     1 ||    28
       Scale mail        |       |    41 ||    41
Dodge: Dodged            |    76 |    61 ||   137
